Workbook

Sheet Instructions
A1: Where Is Your Money Going?
A2: Step 1. Start by doing a spending audit of last month. If you are not able to identify where every dollar was spent last month (and most people can’t) then start with the next month, and for 30 days track where every dollar goes. After you can clearly see where the money is going, use this spreadsheet to better plan your spending.
A3: Step 2. Next determine how much you’re able to save/invest each month and make it a “Top Priority”.
A4: Step 3. Top priorities need to be paid first before any other spending or bills are paid, not after!
A5: Step 4. Top priorities must be automated. Make it easy on yourself and guarantee your own success with automatic deductions!
A6: You can’t manage what you don’t measure. Rather than calling this a “budget” call it a spending plan. You have the power to choose where your money will go. Spend with purpose and pay yourself first! You are the one in charge, you are the CEO of your personal finances and success is your duty.

Sheet Jan
A1: Income (net) | B1: Monthly | D1: Spending Audit
A2: MP Salary/Wages | B2: 0 | K2: Monthly Budget Summary
A3: Spousal Support | B3: 0 | K3: Inflow | L3: =B7 -> 0
A4: Child Support | B4: 0 | D4: www.MartinsenWealth.com | K4: Outflow | L4: =SUM(B22,B38,E22,E38,H22,H38) -> 0
B5: 0 | D5: You can't manage what you don't measure | K5: Unallocated Funds | L5: =SUM(L3-L4) -> 0
B6: 0 | D6: Compliments of Martinsen Wealth Management
A7: Total Income | B7: =SUM(B2:B6) -> 0 | D7: 7855 S. River Pkwy, Ste 206, Tempe, AZ 85284 Ph 480.550.6556
A9: Spending- Top Priorities | B9: Monthly | D9: Ultility Expenses | E9: Monthly | G9: Misc Expenses | H9: Monthly
A10: Savings-Emergency Fund | B10: 0 | D10: Phone - Home | E10: 0 | G10: Rent | H10: 0
A11: Savings-Retirement | B11: 0 | D11: Phone - Cell | E11: 0 | G11: Memberships | H11: 0
A12: Savings-Other | B12: 0 | D12: Water | E12: 0 | G12: Subscriptions | H12: 0
A13: Charity/Donations | B13: 0 | D13: Electricity | E13: 0 | G13: Vision/contacts | H13: 0
B14: 0 | D14: Internet | E14: 0 | G14: Tuition | H14: 0
B15: 0 | D15: Cable | E15: 0 | G15: Auto Insurance | H15: 0
B16: 0 | D16: Natural Gas | E16: 0 | G16: Health Insurance | H16: 0
B17: 0 | E17: 0 | G17: Dental Insurance | H17: 0
B18: 0 | E18: 0 | G18: Life Insurance | H18: 0
A19: Make paying yourself an automated top priority! | E19: 0 | G19: Auto Maintenance - Debit | H19: 0
E20: 0 | G20: Gas - Debit Card | H20: 0
E21: 0 | H21: 0
A22: Total Priority Spending | B22: =SUM(B10:B18) -> 0 | D22: Total Utility Expenses | E22: =SUM(E10:E21) -> 0 | G22: Total Misc Expenses | H22: =SUM(H10:H21) -> 0
A24: Debt Payments | B24: Monthly | D24: On-The-Go Spending | E24: Monthly | G24: Spending Continued | H24: Monthly | J24: Graph Key Information- Dont delete
A25: Mortgage | B25: 0 | D25: Groceries | E25: 0 | H25: 0 | J25: Expense | K25: =SUM(K28:K33) -> 0
A26: Auto Loan | B26: 0 | D26: Dining out | E26: 0 | H26: 0 | J26: Income | K26: =B7 -> 0
A27: Credit Card | B27: 0 | D27: Misc Pocket Money | E27: 0 | H27: 0 | J27: Balance | K27: =K26-K25 -> 0
A28: Student Loans | B28: 0 | D28: Hair Cuts | E28: 0 | H28: 0 | J28: Priority Spending | K28: =B22 -> 0
A29: Medical Bills | B29: 0 | D29: Movies | E29: 0 | H29: 0 | J29: Misc Expenses | K29: =H22 -> 0
B30: 0 | D30: Music | E30: 0 | H30: 0 | J30: On-The-Go Spending | K30: =E38 -> 0
B31: 0 | D31: New Clothes | E31: 0 | H31: 0 | J31: Debt Payments | K31: =B38 -> 0
B32: 0 | D32: Medical -Co Pay | E32: 0 | H32: 0 | J32: Utility Expenses | K32: =E22 -> 0
B33: 0 | D33: Medication | E33: 0 | H33: 0 | J33: Spending Cont | K33: =H38 -> 0
B34: 0 | D34: Child Care | E34: 0 | H34: 0
B35: 0 | D35: Dry Cleaning | E35: 0 | H35: 0
B36: 0 | E36: 0 | H36: 0
B37: 0 | E37: 0 | H37: 0
A38: Total Debt Payments | B38: =SUM(B25:B37) -> 0 | D38: Total On-The-Go Spending | E38: =SUM(E25:E37) -> 0 | G38: Total Spending Cont' | H38: =SUM(H25:H37) -> 0

Sheet Feb
A1: Income (net) | B1: Monthly | D1: Spending Audit
A2: MP Salary/Wages | B2: 0 | K2: Monthly Budget Summary
A3: Spousal Support | B3: 0 | K3: Inflow | L3: =B7 -> 0
A4: Child Support | B4: 0 | D4: www.MartinsenWealth.com | K4: Outflow | L4: =SUM(B22,B38,E22,E38,H22,H38) -> 0
B5: 0 | D5: You can't manage what you don't measure | K5: Unallocated Funds | L5: =SUM(L3-L4) -> 0
B6: 0 | D6: Compliments of Martinsen Wealth Management
A7: Total Income | B7: =SUM(B2:B6) -> 0 | D7: 7855 S. River Pkwy, Ste 206, Tempe, AZ 85284 Ph 480.550.6556
A9: Spending- Top Priorities | B9: Monthly | D9: Ultility Expenses | E9: Monthly | G9: Misc Expenses | H9: Monthly
A10: Savings-Emergency Fund | B10: 0 | D10: Phone - Home | E10: 0 | G10: Rent | H10: 0
A11: Savings-Retirement | B11: 0 | D11: Phone - Cell | E11: 0 | G11: Memberships | H11: 0
A12: Savings-Other | B12: 0 | D12: Water | E12: 0 | G12: Subscriptions | H12: 0
A13: Charity/Donations | B13: 0 | D13: Electricity | E13: 0 | G13: Vision/contacts | H13: 0
B14: 0 | D14: Internet | E14: 0 | G14: Tuition | H14: 0
B15: 0 | D15: Cable | E15: 0 | G15: Auto Insurance | H15: 0
B16: 0 | D16: Natural Gas | E16: 0 | G16: Health Insurance | H16: 0
B17: 0 | E17: 0 | G17: Dental Insurance | H17: 0
B18: 0 | E18: 0 | G18: Life Insurance | H18: 0
A19: Make paying yourself an automated top priority! | E19: 0 | G19: Auto Maintenance - Debit | H19: 0
E20: 0 | G20: Gas - Debit Card | H20: 0
E21: 0 | H21: 0
A22: Total Priority Spending | B22: =SUM(B10:B18) -> 0 | D22: Total Utility Expenses | E22: =SUM(E10:E21) -> 0 | G22: Total Misc Expenses | H22: =SUM(H10:H21) -> 0
A24: Debt Payments | B24: Monthly | D24: On-The-Go Spending | E24: Monthly | G24: Spending Continued | H24: Monthly | J24: Graph Key Information- Dont delete
A25: Mortgage | B25: 0 | D25: Groceries | E25: 0 | H25: 0 | J25: Expense | K25: =SUM(K28:K33) -> 0
A26: Auto Loan | B26: 0 | D26: Dining out | E26: 0 | H26: 0 | J26: Income | K26: =B7 -> 0
A27: Credit Card | B27: 0 | D27: Misc Pocket Money | E27: 0 | H27: 0 | J27: Balance | K27: =K26-K25 -> 0
A28: Student Loans | B28: 0 | D28: Hair Cuts | E28: 0 | H28: 0 | J28: Priority Spending | K28: =B22 -> 0
A29: Medical Bills | B29: 0 | D29: Movies | E29: 0 | H29: 0 | J29: Misc Expenses | K29: =H22 -> 0
B30: 0 | D30: Music | E30: 0 | H30: 0 | J30: On-The-Go Spending | K30: =E38 -> 0
B31: 0 | D31: New Clothes | E31: 0 | H31: 0 | J31: Debt Payments | K31: =B38 -> 0
B32: 0 | D32: Medical -Co Pay | E32: 0 | H32: 0 | J32: Utility Expenses | K32: =E22 -> 0
B33: 0 | D33: Medication | E33: 0 | H33: 0 | J33: Spending Cont | K33: =H38 -> 0
B34: 0 | D34: Child Care | E34: 0 | H34: 0
B35: 0 | D35: Dry Cleaning | E35: 0 | H35: 0
B36: 0 | E36: 0 | H36: 0
B37: 0 | E37: 0 | H37: 0
A38: Total Debt Payments | B38: =SUM(B25:B37) -> 0 | D38: Total On-The-Go Spending | E38: =SUM(E25:E37) -> 0 | G38: Total Spending Cont' | H38: =SUM(H25:H37) -> 0

Sheet Mar
A1: Income (net) | B1: Monthly | D1: Spending Audit
A2: MP Salary/Wages | B2: 0 | K2: Monthly Budget Summary
A3: Spousal Support | B3: 0 | K3: Inflow | L3: =B7 -> 0
A4: Child Support | B4: 0 | D4: www.MartinsenWealth.com | K4: Outflow | L4: =SUM(B22,B38,E22,E38,H22,H38) -> 0
B5: 0 | D5: You can't manage what you don't measure | K5: Unallocated Funds | L5: =SUM(L3-L4) -> 0
B6: 0 | D6: Compliments of Martinsen Wealth Management
A7: Total Income | B7: =SUM(B2:B6) -> 0 | D7: 7855 S. River Pkwy, Ste 206, Tempe, AZ 85284 Ph 480.550.6556
A9: Spending- Top Priorities | B9: Monthly | D9: Ultility Expenses | E9: Monthly | G9: Misc Expenses | H9: Monthly
A10: Savings-Emergency Fund | B10: 0 | D10: Phone - Home | E10: 0 | G10: Rent | H10: 0
A11: Savings-Retirement | B11: 0 | D11: Phone - Cell | E11: 0 | G11: Memberships | H11: 0
A12: Savings-Other | B12: 0 | D12: Water | E12: 0 | G12: Subscriptions | H12: 0
A13: Charity/Donations | B13: 0 | D13: Electricity | E13: 0 | G13: Vision/contacts | H13: 0
B14: 0 | D14: Internet | E14: 0 | G14: Tuition | H14: 0
B15: 0 | D15: Cable | E15: 0 | G15: Auto Insurance | H15: 0
B16: 0 | D16: Natural Gas | E16: 0 | G16: Health Insurance | H16: 0
B17: 0 | E17: 0 | G17: Dental Insurance | H17: 0
B18: 0 | E18: 0 | G18: Life Insurance | H18: 0
A19: Make paying yourself an automated top priority! | E19: 0 | G19: Auto Maintenance - Debit | H19: 0
E20: 0 | G20: Gas - Debit Card | H20: 0
E21: 0 | H21: 0
A22: Total Priority Spending | B22: =SUM(B10:B18) -> 0 | D22: Total Utility Expenses | E22: =SUM(E10:E21) -> 0 | G22: Total Misc Expenses | H22: =SUM(H10:H21) -> 0
A24: Debt Payments | B24: Monthly | D24: On-The-Go Spending | E24: Monthly | G24: Spending Continued | H24: Monthly | J24: Graph Key Information- Dont delete
A25: Mortgage | B25: 0 | D25: Groceries | E25: 0 | H25: 0 | J25: Expense | K25: =SUM(K28:K33) -> 0
A26: Auto Loan | B26: 0 | D26: Dining out | E26: 0 | H26: 0 | J26: Income | K26: =B7 -> 0
A27: Credit Card | B27: 0 | D27: Misc Pocket Money | E27: 0 | H27: 0 | J27: Balance | K27: =K26-K25 -> 0
A28: Student Loans | B28: 0 | D28: Hair Cuts | E28: 0 | H28: 0 | J28: Priority Spending | K28: =B22 -> 0
A29: Medical Bills | B29: 0 | D29: Movies | E29: 0 | H29: 0 | J29: Misc Expenses | K29: =H22 -> 0
B30: 0 | D30: Music | E30: 0 | H30: 0 | J30: On-The-Go Spending | K30: =E38 -> 0
B31: 0 | D31: New Clothes | E31: 0 | H31: 0 | J31: Debt Payments | K31: =B38 -> 0
B32: 0 | D32: Medical -Co Pay | E32: 0 | H32: 0 | J32: Utility Expenses | K32: =E22 -> 0
B33: 0 | D33: Medication | E33: 0 | H33: 0 | J33: Spending Cont | K33: =H38 -> 0
B34: 0 | D34: Child Care | E34: 0 | H34: 0
B35: 0 | D35: Dry Cleaning | E35: 0 | H35: 0
B36: 0 | E36: 0 | H36: 0
B37: 0 | E37: 0 | H37: 0
A38: Total Debt Payments | B38: =SUM(B25:B37) -> 0 | D38: Total On-The-Go Spending | E38: =SUM(E25:E37) -> 0 | G38: Total Spending Cont' | H38: =SUM(H25:H37) -> 0

Sheet Apr
A1: Income (net) | B1: Monthly | D1: Spending Audit
A2: MP Salary/Wages | B2: 0 | K2: Monthly Budget Summary
A3: Spousal Support | B3: 0 | K3: Inflow | L3: =B7 -> 0
A4: Child Support | B4: 0 | D4: www.MartinsenWealth.com | K4: Outflow | L4: =SUM(B22,B38,E22,E38,H22,H38) -> 0
B5: 0 | D5: You can't manage what you don't measure | K5: Unallocated Funds | L5: =SUM(L3-L4) -> 0
B6: 0 | D6: Compliments of Martinsen Wealth Management
A7: Total Income | B7: =SUM(B2:B6) -> 0 | D7: 7855 S. River Pkwy, Ste 206, Tempe, AZ 85284 Ph 480.550.6556
A9: Spending- Top Priorities | B9: Monthly | D9: Ultility Expenses | E9: Monthly | G9: Misc Expenses | H9: Monthly
A10: Savings-Emergency Fund | B10: 0 | D10: Phone - Home | E10: 0 | G10: Rent | H10: 0
A11: Savings-Retirement | B11: 0 | D11: Phone - Cell | E11: 0 | G11: Memberships | H11: 0
A12: Savings-Other | B12: 0 | D12: Water | E12: 0 | G12: Subscriptions | H12: 0
A13: Charity/Donations | B13: 0 | D13: Electricity | E13: 0 | G13: Vision/contacts | H13: 0
B14: 0 | D14: Internet | E14: 0 | G14: Tuition | H14: 0
B15: 0 | D15: Cable | E15: 0 | G15: Auto Insurance | H15: 0
B16: 0 | D16: Natural Gas | E16: 0 | G16: Health Insurance | H16: 0
B17: 0 | E17: 0 | G17: Dental Insurance | H17: 0
B18: 0 | E18: 0 | G18: Life Insurance | H18: 0
A19: Make paying yourself an automated top priority! | E19: 0 | G19: Auto Maintenance - Debit | H19: 0
E20: 0 | G20: Gas - Debit Card | H20: 0
E21: 0 | H21: 0
A22: Total Priority Spending | B22: =SUM(B10:B18) -> 0 | D22: Total Utility Expenses | E22: =SUM(E10:E21) -> 0 | G22: Total Misc Expenses | H22: =SUM(H10:H21) -> 0
A24: Debt Payments | B24: Monthly | D24: On-The-Go Spending | E24: Monthly | G24: Spending Continued | H24: Monthly | J24: Graph Key Information- Dont delete
A25: Mortgage | B25: 0 | D25: Groceries | E25: 0 | H25: 0 | J25: Expense | K25: =SUM(K28:K33) -> 0
A26: Auto Loan | B26: 0 | D26: Dining out | E26: 0 | H26: 0 | J26: Income | K26: =B7 -> 0
A27: Credit Card | B27: 0 | D27: Misc Pocket Money | E27: 0 | H27: 0 | J27: Balance | K27: =K26-K25 -> 0
A28: Student Loans | B28: 0 | D28: Hair Cuts | E28: 0 | H28: 0 | J28: Priority Spending | K28: =B22 -> 0
A29: Medical Bills | B29: 0 | D29: Movies | E29: 0 | H29: 0 | J29: Misc Expenses | K29: =H22 -> 0
B30: 0 | D30: Music | E30: 0 | H30: 0 | J30: On-The-Go Spending | K30: =E38 -> 0
B31: 0 | D31: New Clothes | E31: 0 | H31: 0 | J31: Debt Payments | K31: =B38 -> 0
B32: 0 | D32: Medical -Co Pay | E32: 0 | H32: 0 | J32: Utility Expenses | K32: =E22 -> 0
B33: 0 | D33: Medication | E33: 0 | H33: 0 | J33: Spending Cont | K33: =H38 -> 0
B34: 0 | D34: Child Care | E34: 0 | H34: 0
B35: 0 | D35: Dry Cleaning | E35: 0 | H35: 0
B36: 0 | E36: 0 | H36: 0
B37: 0 | E37: 0 | H37: 0
A38: Total Debt Payments | B38: =SUM(B25:B37) -> 0 | D38: Total On-The-Go Spending | E38: =SUM(E25:E37) -> 0 | G38: Total Spending Cont' | H38: =SUM(H25:H37) -> 0

Sheet May
A1: Income (net) | B1: Monthly | D1: Spending Audit
A2: MP Salary/Wages | B2: 0 | K2: Monthly Budget Summary
A3: Spousal Support | B3: 0 | K3: Inflow | L3: =B7 -> 0
A4: Child Support | B4: 0 | D4: www.MartinsenWealth.com | K4: Outflow | L4: =SUM(B22,B38,E22,E38,H22,H38) -> 0
B5: 0 | D5: You can't manage what you don't measure | K5: Unallocated Funds | L5: =SUM(L3-L4) -> 0
B6: 0 | D6: Compliments of Martinsen Wealth Management
A7: Total Income | B7: =SUM(B2:B6) -> 0 | D7: 7855 S. River Pkwy, Ste 206, Tempe, AZ 85284 Ph 480.550.6556
A9: Spending- Top Priorities | B9: Monthly | D9: Ultility Expenses | E9: Monthly | G9: Misc Expenses | H9: Monthly
A10: Savings-Emergency Fund | B10: 0 | D10: Phone - Home | E10: 0 | G10: Rent | H10: 0
A11: Savings-Retirement | B11: 0 | D11: Phone - Cell | E11: 0 | G11: Memberships | H11: 0
A12: Savings-Other | B12: 0 | D12: Water | E12: 0 | G12: Subscriptions | H12: 0
A13: Charity/Donations | B13: 0 | D13: Electricity | E13: 0 | G13: Vision/contacts | H13: 0
B14: 0 | D14: Internet | E14: 0 | G14: Tuition | H14: 0
B15: 0 | D15: Cable | E15: 0 | G15: Auto Insurance | H15: 0
B16: 0 | D16: Natural Gas | E16: 0 | G16: Health Insurance | H16: 0
B17: 0 | E17: 0 | G17: Dental Insurance | H17: 0
B18: 0 | E18: 0 | G18: Life Insurance | H18: 0
A19: Make paying yourself an automated top priority! | E19: 0 | G19: Auto Maintenance - Debit | H19: 0
E20: 0 | G20: Gas - Debit Card | H20: 0
E21: 0 | H21: 0
A22: Total Priority Spending | B22: =SUM(B10:B18) -> 0 | D22: Total Utility Expenses | E22: =SUM(E10:E21) -> 0 | G22: Total Misc Expenses | H22: =SUM(H10:H21) -> 0
A24: Debt Payments | B24: Monthly | D24: On-The-Go Spending | E24: Monthly | G24: Spending Continued | H24: Monthly | J24: Graph Key Information- Dont delete
A25: Mortgage | B25: 0 | D25: Groceries | E25: 0 | H25: 0 | J25: Expense | K25: =SUM(K28:K33) -> 0
A26: Auto Loan | B26: 0 | D26: Dining out | E26: 0 | H26: 0 | J26: Income | K26: =B7 -> 0
A27: Credit Card | B27: 0 | D27: Misc Pocket Money | E27: 0 | H27: 0 | J27: Balance | K27: =K26-K25 -> 0
A28: Student Loans | B28: 0 | D28: Hair Cuts | E28: 0 | H28: 0 | J28: Priority Spending | K28: =B22 -> 0
A29: Medical Bills | B29: 0 | D29: Movies | E29: 0 | H29: 0 | J29: Misc Expenses | K29: =H22 -> 0
B30: 0 | D30: Music | E30: 0 | H30: 0 | J30: On-The-Go Spending | K30: =E38 -> 0
B31: 0 | D31: New Clothes | E31: 0 | H31: 0 | J31: Debt Payments | K31: =B38 -> 0
B32: 0 | D32: Medical -Co Pay | E32: 0 | H32: 0 | J32: Utility Expenses | K32: =E22 -> 0
B33: 0 | D33: Medication | E33: 0 | H33: 0 | J33: Spending Cont | K33: =H38 -> 0
B34: 0 | D34: Child Care | E34: 0 | H34: 0
B35: 0 | D35: Dry Cleaning | E35: 0 | H35: 0
B36: 0 | E36: 0 | H36: 0
B37: 0 | E37: 0 | H37: 0
A38: Total Debt Payments | B38: =SUM(B25:B37) -> 0 | D38: Total On-The-Go Spending | E38: =SUM(E25:E37) -> 0 | G38: Total Spending Cont' | H38: =SUM(H25:H37) -> 0

Sheet Jun
A1: Income (net) | B1: Monthly | D1: Spending Audit
A2: MP Salary/Wages | B2: 0 | K2: Monthly Budget Summary
A3: Spousal Support | B3: 0 | K3: Inflow | L3: =B7 -> 0
A4: Child Support | B4: 0 | D4: www.MartinsenWealth.com | K4: Outflow | L4: =SUM(B22,B38,E22,E38,H22,H38) -> 0
B5: 0 | D5: You can't manage what you don't measure | K5: Unallocated Funds | L5: =SUM(L3-L4) -> 0
B6: 0 | D6: Compliments of Martinsen Wealth Management
A7: Total Income | B7: =SUM(B2:B6) -> 0 | D7: 7855 S. River Pkwy, Ste 206, Tempe, AZ 85284 Ph 480.550.6556
A9: Spending- Top Priorities | B9: Monthly | D9: Ultility Expenses | E9: Monthly | G9: Misc Expenses | H9: Monthly
A10: Savings-Emergency Fund | B10: 0 | D10: Phone - Home | E10: 0 | G10: Rent | H10: 0
A11: Savings-Retirement | B11: 0 | D11: Phone - Cell | E11: 0 | G11: Memberships | H11: 0
A12: Savings-Other | B12: 0 | D12: Water | E12: 0 | G12: Subscriptions | H12: 0
A13: Charity/Donations | B13: 0 | D13: Electricity | E13: 0 | G13: Vision/contacts | H13: 0
B14: 0 | D14: Internet | E14: 0 | G14: Tuition | H14: 0
B15: 0 | D15: Cable | E15: 0 | G15: Auto Insurance | H15: 0
B16: 0 | D16: Natural Gas | E16: 0 | G16: Health Insurance | H16: 0
B17: 0 | E17: 0 | G17: Dental Insurance | H17: 0
B18: 0 | E18: 0 | G18: Life Insurance | H18: 0
A19: Make paying yourself an automated top priority! | E19: 0 | G19: Auto Maintenance - Debit | H19: 0
E20: 0 | G20: Gas - Debit Card | H20: 0
E21: 0 | H21: 0
A22: Total Priority Spending | B22: =SUM(B10:B18) -> 0 | D22: Total Utility Expenses | E22: =SUM(E10:E21) -> 0 | G22: Total Misc Expenses | H22: =SUM(H10:H21) -> 0
A24: Debt Payments | B24: Monthly | D24: On-The-Go Spending | E24: Monthly | G24: Spending Continued | H24: Monthly | J24: Graph Key Information- Dont delete
A25: Mortgage | B25: 0 | D25: Groceries | E25: 0 | H25: 0 | J25: Expense | K25: =SUM(K28:K33) -> 0
A26: Auto Loan | B26: 0 | D26: Dining out | E26: 0 | H26: 0 | J26: Income | K26: =B7 -> 0
A27: Credit Card | B27: 0 | D27: Misc Pocket Money | E27: 0 | H27: 0 | J27: Balance | K27: =K26-K25 -> 0
A28: Student Loans | B28: 0 | D28: Hair Cuts | E28: 0 | H28: 0 | J28: Priority Spending | K28: =B22 -> 0
A29: Medical Bills | B29: 0 | D29: Movies | E29: 0 | H29: 0 | J29: Misc Expenses | K29: =H22 -> 0
B30: 0 | D30: Music | E30: 0 | H30: 0 | J30: On-The-Go Spending | K30: =E38 -> 0
B31: 0 | D31: New Clothes | E31: 0 | H31: 0 | J31: Debt Payments | K31: =B38 -> 0
B32: 0 | D32: Medical -Co Pay | E32: 0 | H32: 0 | J32: Utility Expenses | K32: =E22 -> 0
B33: 0 | D33: Medication | E33: 0 | H33: 0 | J33: Spending Cont | K33: =H38 -> 0
B34: 0 | D34: Child Care | E34: 0 | H34: 0
B35: 0 | D35: Dry Cleaning | E35: 0 | H35: 0
B36: 0 | E36: 0 | H36: 0
B37: 0 | E37: 0 | H37: 0
A38: Total Debt Payments | B38: =SUM(B25:B37) -> 0 | D38: Total On-The-Go Spending | E38: =SUM(E25:E37) -> 0 | G38: Total Spending Cont' | H38: =SUM(H25:H37) -> 0

Sheet Jul
A1: Income (net) | B1: Monthly | D1: Spending Audit
A2: MP Salary/Wages | B2: 0 | K2: Monthly Budget Summary
A3: Spousal Support | B3: 0 | K3: Inflow | L3: =B7 -> 0
A4: Child Support | B4: 0 | D4: www.MartinsenWealth.com | K4: Outflow | L4: =SUM(B22,B38,E22,E38,H22,H38) -> 0
B5: 0 | D5: You can't manage what you don't measure | K5: Unallocated Funds | L5: =SUM(L3-L4) -> 0
B6: 0 | D6: Compliments of Martinsen Wealth Management
A7: Total Income | B7: =SUM(B2:B6) -> 0 | D7: 7855 S. River Pkwy, Ste 206, Tempe, AZ 85284 Ph 480.550.6556
A9: Spending- Top Priorities | B9: Monthly | D9: Ultility Expenses | E9: Monthly | G9: Misc Expenses | H9: Monthly
A10: Savings-Emergency Fund | B10: 0 | D10: Phone - Home | E10: 0 | G10: Rent | H10: 0
A11: Savings-Retirement | B11: 0 | D11: Phone - Cell | E11: 0 | G11: Memberships | H11: 0
A12: Savings-Other | B12: 0 | D12: Water | E12: 0 | G12: Subscriptions | H12: 0
A13: Charity/Donations | B13: 0 | D13: Electricity | E13: 0 | G13: Vision/contacts | H13: 0
B14: 0 | D14: Internet | E14: 0 | G14: Tuition | H14: 0
B15: 0 | D15: Cable | E15: 0 | G15: Auto Insurance | H15: 0
B16: 0 | D16: Natural Gas | E16: 0 | G16: Health Insurance | H16: 0
B17: 0 | E17: 0 | G17: Dental Insurance | H17: 0
B18: 0 | E18: 0 | G18: Life Insurance | H18: 0
A19: Make paying yourself an automated top priority! | E19: 0 | G19: Auto Maintenance - Debit | H19: 0
E20: 0 | G20: Gas - Debit Card | H20: 0
E21: 0 | H21: 0
A22: Total Priority Spending | B22: =SUM(B10:B18) -> 0 | D22: Total Utility Expenses | E22: =SUM(E10:E21) -> 0 | G22: Total Misc Expenses | H22: =SUM(H10:H21) -> 0
A24: Debt Payments | B24: Monthly | D24: On-The-Go Spending | E24: Monthly | G24: Spending Continued | H24: Monthly | J24: Graph Key Information- Dont delete
A25: Mortgage | B25: 0 | D25: Groceries | E25: 0 | H25: 0 | J25: Expense | K25: =SUM(K28:K33) -> 0
A26: Auto Loan | B26: 0 | D26: Dining out | E26: 0 | H26: 0 | J26: Income | K26: =B7 -> 0
A27: Credit Card | B27: 0 | D27: Misc Pocket Money | E27: 0 | H27: 0 | J27: Balance | K27: =K26-K25 -> 0
A28: Student Loans | B28: 0 | D28: Hair Cuts | E28: 0 | H28: 0 | J28: Priority Spending | K28: =B22 -> 0
A29: Medical Bills | B29: 0 | D29: Movies | E29: 0 | H29: 0 | J29: Misc Expenses | K29: =H22 -> 0
B30: 0 | D30: Music | E30: 0 | H30: 0 | J30: On-The-Go Spending | K30: =E38 -> 0
B31: 0 | D31: New Clothes | E31: 0 | H31: 0 | J31: Debt Payments | K31: =B38 -> 0
B32: 0 | D32: Medical -Co Pay | E32: 0 | H32: 0 | J32: Utility Expenses | K32: =E22 -> 0
B33: 0 | D33: Medication | E33: 0 | H33: 0 | J33: Spending Cont | K33: =H38 -> 0
B34: 0 | D34: Child Care | E34: 0 | H34: 0
B35: 0 | D35: Dry Cleaning | E35: 0 | H35: 0
B36: 0 | E36: 0 | H36: 0
B37: 0 | E37: 0 | H37: 0
A38: Total Debt Payments | B38: =SUM(B25:B37) -> 0 | D38: Total On-The-Go Spending | E38: =SUM(E25:E37) -> 0 | G38: Total Spending Cont' | H38: =SUM(H25:H37) -> 0

Sheet Aug
A1: Income (net) | B1: Monthly | D1: Spending Audit
A2: MP Salary/Wages | B2: 0 | K2: Monthly Budget Summary
A3: Spousal Support | B3: 0 | K3: Inflow | L3: =B7 -> 0
A4: Child Support | B4: 0 | D4: www.MartinsenWealth.com | K4: Outflow | L4: =SUM(B22,B38,E22,E38,H22,H38) -> 0
B5: 0 | D5: You can't manage what you don't measure | K5: Unallocated Funds | L5: =SUM(L3-L4) -> 0
B6: 0 | D6: Compliments of Martinsen Wealth Management
A7: Total Income | B7: =SUM(B2:B6) -> 0 | D7: 7855 S. River Pkwy, Ste 206, Tempe, AZ 85284 Ph 480.550.6556
A9: Spending- Top Priorities | B9: Monthly | D9: Ultility Expenses | E9: Monthly | G9: Misc Expenses | H9: Monthly
A10: Savings-Emergency Fund | B10: 0 | D10: Phone - Home | E10: 0 | G10: Rent | H10: 0
A11: Savings-Retirement | B11: 0 | D11: Phone - Cell | E11: 0 | G11: Memberships | H11: 0
A12: Savings-Other | B12: 0 | D12: Water | E12: 0 | G12: Subscriptions | H12: 0
A13: Charity/Donations | B13: 0 | D13: Electricity | E13: 0 | G13: Vision/contacts | H13: 0
B14: 0 | D14: Internet | E14: 0 | G14: Tuition | H14: 0
B15: 0 | D15: Cable | E15: 0 | G15: Auto Insurance | H15: 0
B16: 0 | D16: Natural Gas | E16: 0 | G16: Health Insurance | H16: 0
B17: 0 | E17: 0 | G17: Dental Insurance | H17: 0
B18: 0 | E18: 0 | G18: Life Insurance | H18: 0
A19: Make paying yourself an automated top priority! | E19: 0 | G19: Auto Maintenance - Debit | H19: 0
E20: 0 | G20: Gas - Debit Card | H20: 0
E21: 0 | H21: 0
A22: Total Priority Spending | B22: =SUM(B10:B18) -> 0 | D22: Total Utility Expenses | E22: =SUM(E10:E21) -> 0 | G22: Total Misc Expenses | H22: =SUM(H10:H21) -> 0
A24: Debt Payments | B24: Monthly | D24: On-The-Go Spending | E24: Monthly | G24: Spending Continued | H24: Monthly | J24: Graph Key Information- Dont delete
A25: Mortgage | B25: 0 | D25: Groceries | E25: 0 | H25: 0 | J25: Expense | K25: =SUM(K28:K33) -> 0
A26: Auto Loan | B26: 0 | D26: Dining out | E26: 0 | H26: 0 | J26: Income | K26: =B7 -> 0
A27: Credit Card | B27: 0 | D27: Misc Pocket Money | E27: 0 | H27: 0 | J27: Balance | K27: =K26-K25 -> 0
A28: Student Loans | B28: 0 | D28: Hair Cuts | E28: 0 | H28: 0 | J28: Priority Spending | K28: =B22 -> 0
A29: Medical Bills | B29: 0 | D29: Movies | E29: 0 | H29: 0 | J29: Misc Expenses | K29: =H22 -> 0
B30: 0 | D30: Music | E30: 0 | H30: 0 | J30: On-The-Go Spending | K30: =E38 -> 0
B31: 0 | D31: New Clothes | E31: 0 | H31: 0 | J31: Debt Payments | K31: =B38 -> 0
B32: 0 | D32: Medical -Co Pay | E32: 0 | H32: 0 | J32: Utility Expenses | K32: =E22 -> 0
B33: 0 | D33: Medication | E33: 0 | H33: 0 | J33: Spending Cont | K33: =H38 -> 0
B34: 0 | D34: Child Care | E34: 0 | H34: 0
B35: 0 | D35: Dry Cleaning | E35: 0 | H35: 0
B36: 0 | E36: 0 | H36: 0
B37: 0 | E37: 0 | H37: 0
A38: Total Debt Payments | B38: =SUM(B25:B37) -> 0 | D38: Total On-The-Go Spending | E38: =SUM(E25:E37) -> 0 | G38: Total Spending Cont' | H38: =SUM(H25:H37) -> 0

Sheet Sept
A1: Income (net) | B1: Monthly | D1: Spending Audit
A2: MP Salary/Wages | B2: 0 | K2: Monthly Budget Summary
A3: Spousal Support | B3: 0 | K3: Inflow | L3: =B7 -> 0
A4: Child Support | B4: 0 | D4: www.MartinsenWealth.com | K4: Outflow | L4: =SUM(B22,B38,E22,E38,H22,H38) -> 0
B5: 0 | D5: You can't manage what you don't measure | K5: Unallocated Funds | L5: =SUM(L3-L4) -> 0
B6: 0 | D6: Compliments of Martinsen Wealth Management
A7: Total Income | B7: =SUM(B2:B6) -> 0 | D7: 7855 S. River Pkwy, Ste 206, Tempe, AZ 85284 Ph 480.550.6556
A9: Spending- Top Priorities | B9: Monthly | D9: Ultility Expenses | E9: Monthly | G9: Misc Expenses | H9: Monthly
A10: Savings-Emergency Fund | B10: 0 | D10: Phone - Home | E10: 0 | G10: Rent | H10: 0
A11: Savings-Retirement | B11: 0 | D11: Phone - Cell | E11: 0 | G11: Memberships | H11: 0
A12: Savings-Other | B12: 0 | D12: Water | E12: 0 | G12: Subscriptions | H12: 0
A13: Charity/Donations | B13: 0 | D13: Electricity | E13: 0 | G13: Vision/contacts | H13: 0
B14: 0 | D14: Internet | E14: 0 | G14: Tuition | H14: 0
B15: 0 | D15: Cable | E15: 0 | G15: Auto Insurance | H15: 0
B16: 0 | D16: Natural Gas | E16: 0 | G16: Health Insurance | H16: 0
B17: 0 | E17: 0 | G17: Dental Insurance | H17: 0
B18: 0 | E18: 0 | G18: Life Insurance | H18: 0
A19: Make paying yourself an automated top priority! | E19: 0 | G19: Auto Maintenance - Debit | H19: 0
E20: 0 | G20: Gas - Debit Card | H20: 0
E21: 0 | H21: 0
A22: Total Priority Spending | B22: =SUM(B10:B18) -> 0 | D22: Total Utility Expenses | E22: =SUM(E10:E21) -> 0 | G22: Total Misc Expenses | H22: =SUM(H10:H21) -> 0
A24: Debt Payments | B24: Monthly | D24: On-The-Go Spending | E24: Monthly | G24: Spending Continued | H24: Monthly | J24: Graph Key Information- Dont delete
A25: Mortgage | B25: 0 | D25: Groceries | E25: 0 | H25: 0 | J25: Expense | K25: =SUM(K28:K33) -> 0
A26: Auto Loan | B26: 0 | D26: Dining out | E26: 0 | H26: 0 | J26: Income | K26: =B7 -> 0
A27: Credit Card | B27: 0 | D27: Misc Pocket Money | E27: 0 | H27: 0 | J27: Balance | K27: =K26-K25 -> 0
A28: Student Loans | B28: 0 | D28: Hair Cuts | E28: 0 | H28: 0 | J28: Priority Spending | K28: =B22 -> 0
A29: Medical Bills | B29: 0 | D29: Movies | E29: 0 | H29: 0 | J29: Misc Expenses | K29: =H22 -> 0
B30: 0 | D30: Music | E30: 0 | H30: 0 | J30: On-The-Go Spending | K30: =E38 -> 0
B31: 0 | D31: New Clothes | E31: 0 | H31: 0 | J31: Debt Payments | K31: =B38 -> 0
B32: 0 | D32: Medical -Co Pay | E32: 0 | H32: 0 | J32: Utility Expenses | K32: =E22 -> 0
B33: 0 | D33: Medication | E33: 0 | H33: 0 | J33: Spending Cont | K33: =H38 -> 0
B34: 0 | D34: Child Care | E34: 0 | H34: 0
B35: 0 | D35: Dry Cleaning | E35: 0 | H35: 0
B36: 0 | E36: 0 | H36: 0
B37: 0 | E37: 0 | H37: 0
A38: Total Debt Payments | B38: =SUM(B25:B37) -> 0 | D38: Total On-The-Go Spending | E38: =SUM(E25:E37) -> 0 | G38: Total Spending Cont' | H38: =SUM(H25:H37) -> 0

Sheet Oct
A1: Income (net) | B1: Monthly | D1: Spending Audit
A2: MP Salary/Wages | B2: 0 | K2: Monthly Budget Summary
A3: Spousal Support | B3: 0 | K3: Inflow | L3: =B7 -> 0
A4: Child Support | B4: 0 | D4: www.MartinsenWealth.com | K4: Outflow | L4: =SUM(B22,B38,E22,E38,H22,H38) -> 0
B5: 0 | D5: You can't manage what you don't measure | K5: Unallocated Funds | L5: =SUM(L3-L4) -> 0
B6: 0 | D6: Compliments of Martinsen Wealth Management
A7: Total Income | B7: =SUM(B2:B6) -> 0 | D7: 7855 S. River Pkwy, Ste 206, Tempe, AZ 85284 Ph 480.550.6556
A9: Spending- Top Priorities | B9: Monthly | D9: Ultility Expenses | E9: Monthly | G9: Misc Expenses | H9: Monthly
A10: Savings-Emergency Fund | B10: 0 | D10: Phone - Home | E10: 0 | G10: Rent | H10: 0
A11: Savings-Retirement | B11: 0 | D11: Phone - Cell | E11: 0 | G11: Memberships | H11: 0
A12: Savings-Other | B12: 0 | D12: Water | E12: 0 | G12: Subscriptions | H12: 0
A13: Charity/Donations | B13: 0 | D13: Electricity | E13: 0 | G13: Vision/contacts | H13: 0
B14: 0 | D14: Internet | E14: 0 | G14: Tuition | H14: 0
B15: 0 | D15: Cable | E15: 0 | G15: Auto Insurance | H15: 0
B16: 0 | D16: Natural Gas | E16: 0 | G16: Health Insurance | H16: 0
B17: 0 | E17: 0 | G17: Dental Insurance | H17: 0
B18: 0 | E18: 0 | G18: Life Insurance | H18: 0
A19: Make paying yourself an automated top priority! | E19: 0 | G19: Auto Maintenance - Debit | H19: 0
E20: 0 | G20: Gas - Debit Card | H20: 0
E21: 0 | H21: 0
A22: Total Priority Spending | B22: =SUM(B10:B18) -> 0 | D22: Total Utility Expenses | E22: =SUM(E10:E21) -> 0 | G22: Total Misc Expenses | H22: =SUM(H10:H21) -> 0
A24: Debt Payments | B24: Monthly | D24: On-The-Go Spending | E24: Monthly | G24: Spending Continued | H24: Monthly | J24: Graph Key Information- Dont delete
A25: Mortgage | B25: 0 | D25: Groceries | E25: 0 | H25: 0 | J25: Expense | K25: =SUM(K28:K33) -> 0
A26: Auto Loan | B26: 0 | D26: Dining out | E26: 0 | H26: 0 | J26: Income | K26: =B7 -> 0
A27: Credit Card | B27: 0 | D27: Misc Pocket Money | E27: 0 | H27: 0 | J27: Balance | K27: =K26-K25 -> 0
A28: Student Loans | B28: 0 | D28: Hair Cuts | E28: 0 | H28: 0 | J28: Priority Spending | K28: =B22 -> 0
A29: Medical Bills | B29: 0 | D29: Movies | E29: 0 | H29: 0 | J29: Misc Expenses | K29: =H22 -> 0
B30: 0 | D30: Music | E30: 0 | H30: 0 | J30: On-The-Go Spending | K30: =E38 -> 0
B31: 0 | D31: New Clothes | E31: 0 | H31: 0 | J31: Debt Payments | K31: =B38 -> 0
B32: 0 | D32: Medical -Co Pay | E32: 0 | H32: 0 | J32: Utility Expenses | K32: =E22 -> 0
B33: 0 | D33: Medication | E33: 0 | H33: 0 | J33: Spending Cont | K33: =H38 -> 0
B34: 0 | D34: Child Care | E34: 0 | H34: 0
B35: 0 | D35: Dry Cleaning | E35: 0 | H35: 0
B36: 0 | E36: 0 | H36: 0
B37: 0 | E37: 0 | H37: 0
A38: Total Debt Payments | B38: =SUM(B25:B37) -> 0 | D38: Total On-The-Go Spending | E38: =SUM(E25:E37) -> 0 | G38: Total Spending Cont' | H38: =SUM(H25:H37) -> 0

Sheet Nov
A1: Income (net) | B1: Monthly | D1: Spending Audit
A2: MP Salary/Wages | B2: 0 | K2: Monthly Budget Summary
A3: Spousal Support | B3: 0 | K3: Inflow | L3: =B7 -> 0
A4: Child Support | B4: 0 | D4: www.MartinsenWealth.com | K4: Outflow | L4: =SUM(B22,B38,E22,E38,H22,H38) -> 0
B5: 0 | D5: You can't manage what you don't measure | K5: Unallocated Funds | L5: =SUM(L3-L4) -> 0
B6: 0 | D6: Compliments of Martinsen Wealth Management
A7: Total Income | B7: =SUM(B2:B6) -> 0 | D7: 7855 S. River Pkwy, Ste 206, Tempe, AZ 85284 Ph 480.550.6556
A9: Spending- Top Priorities | B9: Monthly | D9: Ultility Expenses | E9: Monthly | G9: Misc Expenses | H9: Monthly
A10: Savings-Emergency Fund | B10: 0 | D10: Phone - Home | E10: 0 | G10: Rent | H10: 0
A11: Savings-Retirement | B11: 0 | D11: Phone - Cell | E11: 0 | G11: Memberships | H11: 0
A12: Savings-Other | B12: 0 | D12: Water | E12: 0 | G12: Subscriptions | H12: 0
A13: Charity/Donations | B13: 0 | D13: Electricity | E13: 0 | G13: Vision/contacts | H13: 0
B14: 0 | D14: Internet | E14: 0 | G14: Tuition | H14: 0
B15: 0 | D15: Cable | E15: 0 | G15: Auto Insurance | H15: 0
B16: 0 | D16: Natural Gas | E16: 0 | G16: Health Insurance | H16: 0
B17: 0 | E17: 0 | G17: Dental Insurance | H17: 0
B18: 0 | E18: 0 | G18: Life Insurance | H18: 0
A19: Make paying yourself an automated top priority! | E19: 0 | G19: Auto Maintenance - Debit | H19: 0
E20: 0 | G20: Gas - Debit Card | H20: 0
E21: 0 | H21: 0
A22: Total Priority Spending | B22: =SUM(B10:B18) -> 0 | D22: Total Utility Expenses | E22: =SUM(E10:E21) -> 0 | G22: Total Misc Expenses | H22: =SUM(H10:H21) -> 0
A24: Debt Payments | B24: Monthly | D24: On-The-Go Spending | E24: Monthly | G24: Spending Continued | H24: Monthly | J24: Graph Key Information- Dont delete
A25: Mortgage | B25: 0 | D25: Groceries | E25: 0 | H25: 0 | J25: Expense | K25: =SUM(K28:K33) -> 0
A26: Auto Loan | B26: 0 | D26: Dining out | E26: 0 | H26: 0 | J26: Income | K26: =B7 -> 0
A27: Credit Card | B27: 0 | D27: Misc Pocket Money | E27: 0 | H27: 0 | J27: Balance | K27: =K26-K25 -> 0
A28: Student Loans | B28: 0 | D28: Hair Cuts | E28: 0 | H28: 0 | J28: Priority Spending | K28: =B22 -> 0
A29: Medical Bills | B29: 0 | D29: Movies | E29: 0 | H29: 0 | J29: Misc Expenses | K29: =H22 -> 0
B30: 0 | D30: Music | E30: 0 | H30: 0 | J30: On-The-Go Spending | K30: =E38 -> 0
B31: 0 | D31: New Clothes | E31: 0 | H31: 0 | J31: Debt Payments | K31: =B38 -> 0
B32: 0 | D32: Medical -Co Pay | E32: 0 | H32: 0 | J32: Utility Expenses | K32: =E22 -> 0
B33: 0 | D33: Medication | E33: 0 | H33: 0 | J33: Spending Cont | K33: =H38 -> 0
B34: 0 | D34: Child Care | E34: 0 | H34: 0
B35: 0 | D35: Dry Cleaning | E35: 0 | H35: 0
B36: 0 | E36: 0 | H36: 0
B37: 0 | E37: 0 | H37: 0
A38: Total Debt Payments | B38: =SUM(B25:B37) -> 0 | D38: Total On-The-Go Spending | E38: =SUM(E25:E37) -> 0 | G38: Total Spending Cont' | H38: =SUM(H25:H37) -> 0

Sheet Dec
A1: Income (net) | B1: Monthly | D1: Spending Audit
A2: MP Salary/Wages | B2: 0 | K2: Monthly Budget Summary
A3: Spousal Support | B3: 0 | K3: Inflow | L3: =B7 -> 0
A4: Child Support | B4: 0 | D4: www.MartinsenWealth.com | K4: Outflow | L4: =SUM(B22,B38,E22,E38,H22,H38) -> 0
B5: 0 | D5: You can't manage what you don't measure | K5: Unallocated Funds | L5: =SUM(L3-L4) -> 0
B6: 0 | D6: Compliments of Martinsen Wealth Management
A7: Total Income | B7: =SUM(B2:B6) -> 0 | D7: 7855 S. River Pkwy, Ste 206, Tempe, AZ 85284 Ph 480.550.6556
A9: Spending- Top Priorities | B9: Monthly | D9: Ultility Expenses | E9: Monthly | G9: Misc Expenses | H9: Monthly
A10: Savings-Emergency Fund | B10: 0 | D10: Phone - Home | E10: 0 | G10: Rent | H10: 0
A11: Savings-Retirement | B11: 0 | D11: Phone - Cell | E11: 0 | G11: Memberships | H11: 0
A12: Savings-Other | B12: 0 | D12: Water | E12: 0 | G12: Subscriptions | H12: 0
A13: Charity/Donations | B13: 0 | D13: Electricity | E13: 0 | G13: Vision/contacts | H13: 0
B14: 0 | D14: Internet | E14: 0 | G14: Tuition | H14: 0
B15: 0 | D15: Cable | E15: 0 | G15: Auto Insurance | H15: 0
B16: 0 | D16: Natural Gas | E16: 0 | G16: Health Insurance | H16: 0
B17: 0 | E17: 0 | G17: Dental Insurance | H17: 0
B18: 0 | E18: 0 | G18: Life Insurance | H18: 0
A19: Make paying yourself an automated top priority! | E19: 0 | G19: Auto Maintenance - Debit | H19: 0
E20: 0 | G20: Gas - Debit Card | H20: 0
E21: 0 | H21: 0
A22: Total Priority Spending | B22: =SUM(B10:B18) -> 0 | D22: Total Utility Expenses | E22: =SUM(E10:E21) -> 0 | G22: Total Misc Expenses | H22: =SUM(H10:H21) -> 0
A24: Debt Payments | B24: Monthly | D24: On-The-Go Spending | E24: Monthly | G24: Spending Continued | H24: Monthly | J24: Graph Key Information- Dont delete
A25: Mortgage | B25: 0 | D25: Groceries | E25: 0 | H25: 0 | J25: Expense | K25: =SUM(K28:K33) -> 0
A26: Auto Loan | B26: 0 | D26: Dining out | E26: 0 | H26: 0 | J26: Income | K26: =B7 -> 0
A27: Credit Card | B27: 0 | D27: Misc Pocket Money | E27: 0 | H27: 0 | J27: Balance | K27: =K26-K25 -> 0
A28: Student Loans | B28: 0 | D28: Hair Cuts | E28: 0 | H28: 0 | J28: Priority Spending | K28: =B22 -> 0
A29: Medical Bills | B29: 0 | D29: Movies | E29: 0 | H29: 0 | J29: Misc Expenses | K29: =H22 -> 0
B30: 0 | D30: Music | E30: 0 | H30: 0 | J30: On-The-Go Spending | K30: =E38 -> 0
B31: 0 | D31: New Clothes | E31: 0 | H31: 0 | J31: Debt Payments | K31: =B38 -> 0
B32: 0 | D32: Medical -Co Pay | E32: 0 | H32: 0 | J32: Utility Expenses | K32: =E22 -> 0
B33: 0 | D33: Medication | E33: 0 | H33: 0 | J33: Spending Cont | K33: =H38 -> 0
B34: 0 | D34: Child Care | E34: 0 | H34: 0
B35: 0 | D35: Dry Cleaning | E35: 0 | H35: 0
B36: 0 | E36: 0 | H36: 0
B37: 0 | E37: 0 | H37: 0
A38: Total Debt Payments | B38: =SUM(B25:B37) -> 0 | D38: Total On-The-Go Spending | E38: =SUM(E25:E37) -> 0 | G38: Total Spending Cont' | H38: =SUM(H25:H37) -> 0

Sheet Sheet1
A1: Let's do the Math!
A3: Add up your monthly expenses from the spreadsheet
A4: Priority Spending
A5: Debt Payments
A6: Utility Expenses
A7: On-the-Go Spending
A8: Misc Expenses
A9: Spending Continued
A10: Total Monthly Expenses
A12: Monthly Budget Summary
A13: Inflow-Total Income
A14: Outflow-Total Expenses
... A16: (Total Income minus Total Expenses)

Sheet Annual Recap
A1: YTD Total Income | B1: =SUM(Jan!B7,Feb!B7,Mar!B7,Apr!B7,May!F5,Jun!B7,Jul!B7,Aug!B7,Sept!B7,Oct!B7,Nov!B7,Dec!B7) -> 0 | D1: Annual Spending Audit Recap
A2: YTD Total Priority Spending | B2: =SUM(Jan!B22,Feb!B22,Mar!B22,Apr!B22,May!B22,Jun!B22,Jul!B22,Aug!B22,Sept!B22,Oct!B22,Nov!B22,Dec!B22) -> 0
A3: YTD Total Misc Expenses | B3: =SUM(Jan!H22,Feb!H22,Mar!H22,Apr!H22,May!H22,Jun!H22,Jul!H22,Aug!H22,Sept!H22,Oct!H22,Nov!H22,Dec!H22) -> 0
A4: YTD Total Debt Payments | B4: =SUM(Jan!B38,Feb!B38,Mar!B38,Apr!B38,May!B38,Jun!B38,Jul!B38,Aug!B38,Sept!B38,Oct!B38,Nov!B38,Dec!B38) -> 0
A5: YTD Total Utility Expenses | B5: =SUM(Jan!E22,Feb!E22,Mar!E22,Apr!E22,May!E22,Jun!E22,Jul!E22,Aug!E22,Sept!E22,Oct!E22,Nov!E22,Dec!E22) -> 0
A6: YTD Total On-The-Go Spending | B6: =SUM(Jan!E38,Feb!E38,Mar!E38,Apr!E38,May!E38,Jun!E38,Jul!E38,Aug!E38,Sept!E38,Oct!E38,Nov!E38,Dec!E38) -> 0
A7: YTD Total Spending Cont' | B7: =SUM(Jan!H38,Feb!H38,Mar!H38,Apr!H38,May!H38,Jun!H38,Jul!H38,Aug!H38,Sept!H38,Oct!H38,Nov!H38,Dec!H38) -> 0
A8: This page is auto populated. Please refrain from making any changes.
A9: Graph Key Information- Dont delete
A10: Outflow | B10: =SUM(B13:B18) -> 0
A11: Inflow | B11: =B1 -> 0
A12: Unallocated Funds | B12: =B11-B10 -> 0
A13: Priority Spending | B13: =B2 -> 0
A14: Misc Expenses | B14: =B3 -> 0
A15: On-The-Go Spending | B15: =B6 -> 0
A16: Debt Payments | B16: =B4 -> 0
A17: Utility Expenses | B17: =B5 -> 0
A18: Spending Cont | B18: =B7 -> 0
A46: This page is auto populated. Please refrain from making any changes.
